 Dungeon Crawl Stone Soup version bcrawl-1.23.1 (webtiles) character file.

Game seed: 16565222469012211498

8561 pasperui the Nimble (level 11, -3/89 HPs)
             Began as a Gnoll Reaver on May 24, 2020.
             Was an Elder of Vehumet.
             Slain by a four-headed hydra (12 damage)
             ... on level 2 of the Lair of Beasts.
             The game lasted 00:33:47 (8874 turns).

pasperui the Nimble (Gnoll Reaver)                  Turns: 8874, Time: 00:33:48

Health: -3/89      AC:  8    Str: 16    XL:     11   Next: 32%
Magic:  21/23      EV: 20    Int: 18    God:    Vehumet [****..]
Gold:   759        SH:  2    Dex: 13    Spells: 17/26 levels left

rFire    . . .     SeeInvis .   a - +1 scimitar (flame)
rCold    . . .     Gourm    .   (no shield)
rNeg     . . .     Faith    +   C - +2 robe {Archmagi}
rPois    .         Spirit   .   (no helmet)
rElec    .         Reflect  .   (no cloak)
rCorr    .         Harm     .   (no gloves)
MR       .....                  (no boots)
Stlth    +++.......             D - amulet of faith
HPRegen  0.24/turn              s - +3 ring of evasion
MPRegen  0.18/turn              E - +4 ring of protection

@: no status effects
A: distributed training, fangs 1, strong nose
a: Renounce Religion


You were on level 2 of the Lair of Beasts.
You worshipped Vehumet.
Vehumet was greatly pleased with you.
You were not hungry.

You visited 2 branches of the dungeon, and saw 11 of its levels.

You collected 759 gold pieces.

Inventory:

Hand Weapons
 a - a +1 scimitar of flaming (weapon)
 N - a +0 glaive
 R - the +8 executioner's axe "Vianal" {antimagic, rPois}
   (You found it on level 8 of the Dungeon)

   It reduces the magical energy of the wielder, and disrupts the spells and
   magical abilities of those hit.
   Natural abilities and divine invocations are not affected.
   It protects you from poison.
Missiles
 h - 2692 stones
 m - 860 sling bullets
 r - 199 javelins (quivered)
 w - 106 poisoned needles
 x - 1902 arrows
 y - 648 bolts
Armour
 b - +0 steam dragon scales
 C - a +2 robe of the Archmagi (worn)
 V - a +1 leather armour of magic resistance
 W - the +5 ring mail "Borue" {Str-3 Int+9 Stlth+, unknown}
   (You found it on level 8 of the Dungeon)

   It affects your strength (-3).
   It affects your intelligence (+9).
   It makes you more stealthy.
Magical Staves
 o - an uncursed staff of wizardry
Jewellery
 c - an uncursed amulet of guardian spirit {unknown}
 i - an uncursed amulet of rage {unknown}
 s - a +3 ring of evasion (left hand)
 D - an amulet of faith (around neck)
 E - a +4 ring of protection (right hand)
 J - an uncursed ring of fire {unknown}
Wands
 g - a wand of paralysis (5)
 u - a wand of iceblast (5)
 G - a wand of acid (6)
 L - a wand of enslavement (7)
 O - a wand of polymorph (23)
Scrolls
 d - 2 scrolls of immolation
 f - 10 scrolls of remove curse
 k - 4 scrolls of enchant weapon
 l - 8 scrolls of teleportation
 n - 2 scrolls of blinking {unknown}
 p - 2 scrolls of magic mapping {unknown}
 t - 2 scrolls of amnesia
 B - a scroll of enchant armour {unknown}
 H - a scroll of noise {unknown}
 I - 5 scrolls of identify
 K - a scroll of summoning {unknown}
 M - a scroll of silence {unknown}
 P - 2 scrolls of fog {unknown}
 U - a scroll of vulnerability {unknown}
 X - 4 scrolls of acquirement {unknown}
 Y - a scroll of fear {unknown}
Potions
 j - 3 potions of lignification
 q - 3 potions of curing
 z - 3 potions of heal wounds
 A - a potion of flight
 F - 2 potions of agility
 Q - a potion of brilliance {unknown}
 S - a potion of haste
 T - a potion of cancellation {unknown}
 Z - a potion of berserk rage {unknown}
Comestibles
 e - 17 rations {!d}
 v - a chunk of flesh


   Skills:
 + Level 9.0 Fighting
 + Level 6.1 Short Blades
 + Level 9.0 Long Blades
 + Level 6.1 Axes
 + Level 6.1 Maces & Flails
 + Level 6.1 Polearms
 + Level 6.1 Staves
 + Level 6.1 Slings
 + Level 6.1 Bows
 + Level 6.1 Crossbows
 + Level 6.1 Throwing
 + Level 6.1 Armour
 + Level 9.0 Dodging
 + Level 6.1 Stealth
 + Level 6.1 Shields
 + Level 6.1 Unarmed Combat
 + Level 8.0 Spellcasting
 + Level 5.0 Conjurations
 + Level 5.0 Hexes
 + Level 5.0 Charms
 + Level 5.0 Summonings
 + Level 5.0 Necromancy
 + Level 5.0 Translocations
 + Level 5.0 Transmutations
 + Level 5.0 Fire Magic
 + Level 5.0 Ice Magic
 + Level 5.0 Air Magic
 + Level 5.0 Earth Magic
 + Level 5.0 Poison Magic
 + Level 6.7 Invocations
 + Level 6.1 Evocations


You had 17 spell levels left.
You knew the following spells:

 Your Spells              Type           Power        Failure   Level  Hunger
a - Freeze                Ice            #####.       1%          1    None
b - Mephitic Cloud        Conj/Pois/Air  #####...     1%          3    #......
c - Conjure Flame         Conj/Fire      #####...     1%          3    #......
d - Blink                 Tloc           N/A          1%          2    None

Your spell library contained the following spells:

 Spells                   Type           Power        Failure   Level  Hunger
 Fulminant Prism          Conj/Hex       #####.....   3%          4    ###....
 Corona                   Hex            #####..      1%          1    None
 Magic Dart               Conj           ####         1%          1    None
 Call Imp                 Summ           #####.       1%          2    None
 Ensorcelled Hibernation  Hex/Ice        #####.       1%          2    None
 Shackle                  Hex            #####...     1%          2    None
 Inner Flame              Hex/Fire       N/A          1%          3    #......
 False Image              Hex/Summ       #####...     3%          3    #......
 Spider Form              Tmut/Pois      ###          3%          3    #......
 Yara's Violent Unravell  Hex/Tmut       #####.....   3%          4    ###....
 Iskenderun's Battlesphe  Conj/Chrm      #####...     10%         5    #####..
 Cause Fear               Hex            #####.....   12%         4    ###....
 Borgnjor's Vile Clutch   Necr/Erth      #####.....   88%         6    ######.
 Darkness                 Hex            #####.....   88%         6    ######.
 Infestation              Hex/Tmut/Pois  #####....    88%         6    ######.
 Shadow Creatures         Summ           N/A          88%         6    ######.
 Time Stop                Chrm/Tloc      N/A          100%        8    #######


Dungeon Overview and Level Annotations

Branches:
Dungeon (9/12)             Temple (0/1) D:5            Lair (2/6) D:7
  Swamp: Lair:2-4    Shoals: Lair:2-4     Snake: Lair:2-4    Spider: Lair:2-4
    Orc: D:8-11

Altars:
Dithmenos
Gozag
Kikubaaqudgha
Lugonu
Nemelex Xobeh
Vehumet
Xom
Yredelemnul
Zin
The Shining One

Shops:
D:5 }   D:7 *   D:8 =


Innate Abilities, Weirdness & Mutations

Your experience applies equally to all skills.
You have very sharp teeth.
Your uncanny sense of smell can sniff out nearby items.


Message History

You burn the five-headed hydra.
You bite the five-headed hydra, but do no damage.
The five-headed hydra is severely wounded.
The five-headed hydra is engulfed in blazing flames.
The five-headed hydra bites you. The five-headed hydra bites you!
The five-headed hydra bites you. The five-headed hydra bites you!
* * * LOW HITPOINT WARNING * * *
The five-headed hydra bites you.
* * * LOW HITPOINT WARNING * * *
You hack one of the five-headed hydra's heads off!
The flame cauterises the wound!
You hit the four-headed hydra. You burn the four-headed hydra.
The four-headed hydra is severely wounded.
The four-headed hydra is engulfed in blazing flames.
The four-headed hydra bites you.
* * * LOW HITPOINT WARNING * * *
The four-headed hydra bites you.
* * * LOW HITPOINT WARNING * * *
The four-headed hydra bites you!
You die...

...#P...P#.##..#.#
...###'###.#.#.#.# ##
..........÷#####.. .. ..
.#..##.###...# .## .# ..#
...†......#..# . .#.# ∆ ....
....###.##÷#.#####.? #..
..........#.#..#...# #.. .#
...#.####..#.##.##.###.#...#
....####....#..#@D.......P#
....#........###.###'###..#
...##..##.####...#P...P#
...#.#.#.##. ##..#.###.#
...####.#...####.#.#?#.#
...#.......#.##..#.#+#.#
...#.#..###....#.#Pl


lP# ..........##.##.### ### .................... You could see a four-headed
hydra.

Vanquished Creatures
  Psyche (D:8)
  A hydra (D:9)
  Erica (Lair:2)
  Pikel (D:7)
  A black mamba (Lair:2)
  A cane toad (Lair:1)
  A komodo dragon (Lair:1)
  A troll (D:7)
  Prince Ribbit (D:7)
  A hippogriff (Lair:1)
  Eustachio (D:5)
  A shadow (D:8)
  Duvessa (D:7)
  6 porcupines
  2 water moccasins
  3 orc warriors
  3 sky beasts
  A black bear (Lair:2)
  3 ogres
  A boggart (D:8)
  A phantom (D:7)
  A centaur (D:3)
  7 wolves
  6 bullfrogs
  Dowan (D:7)
  2 killer bees (D:7)
  3 crimson imps
  6 howler monkeys (D:7)
  3 hounds
  A gnoll shaman (D:6)
  A centaur skeleton (D:8)
  2 orc priests
  A jelly (D:4)
  9 orc wizards
  Jessica (D:3)
  An iguana (D:4)
  Natasha (thrice) (D:3)
  3 worker ants
  A hound zombie (D:6)
  5 adders
  7 gnolls (D:6)
  An ooze (D:3)
  2 adder skeletons
  A worm (D:3)
  3 dart slugs
  7 leopard geckos
  17 orcs
  3 giant cockroaches
  2 goblins
  6 hobgoblins
  12 kobolds
  3 quokkas
  2 ball pythons (D:1)
  7 bats
  2 frilled lizards (D:4)
  10 rats
175 creatures vanquished.

Vanquished Creatures (collateral kills)
  A killer bee (D:7)
1 creature vanquished.

Vanquished Creatures (others)
  4 slaves (D:7)
  A water moccasin (D:7)
  An orc (D:7)
6 creatures vanquished.

Grand Total: 182 creatures vanquished

Notes
Turn   | Place    | Note
-------+----------+-------------------------------------------
     0 | D:1      | pasperui the Gnoll Reaver began the quest for the Orb.
     0 | D:1      | Reached XP level 1. HP: 23/23 MP: 6/6
   141 | D:1      | Reached XP level 2. HP: 29/29 MP: 7/7
   453 | D:1      | Reached * piety under Vehumet
   453 | D:1      | Offered knowledge of Magic Dart by Vehumet.
   453 | D:1      | Reached XP level 3. HP: 35/35 MP: 9/9
   475 | D:1      | Reached skill level 5 in Spellcasting
   784 | D:2      | Reached skill level 1 in Invocations
  1005 | D:2      | Reached skill level 1 in Short Blades
  1005 | D:2      | Reached skill level 1 in Axes
  1005 | D:2      | Reached skill level 1 in Maces & Flails
  1005 | D:2      | Reached skill level 1 in Polearms
  1005 | D:2      | Reached skill level 1 in Staves
  1005 | D:2      | Reached skill level 1 in Slings
  1005 | D:2      | Reached skill level 1 in Bows
  1005 | D:2      | Reached skill level 1 in Crossbows
  1005 | D:2      | Reached skill level 1 in Throwing
  1005 | D:2      | Reached skill level 1 in Armour
  1005 | D:2      | Reached skill level 1 in Stealth
  1005 | D:2      | Reached skill level 1 in Shields
  1005 | D:2      | Reached skill level 1 in Unarmed Combat
  1005 | D:2      | Reached skill level 1 in Evocations
  1233 | D:3      | Reached XP level 4. HP: 41/41 MP: 11/11
  1364 | D:3      | Noticed a centaur
  1377 | D:3      | Killed a centaur
  1377 | D:3      | Reached skill level 1 in Conjurations
  1377 | D:3      | Reached skill level 1 in Hexes
  1377 | D:3      | Reached skill level 1 in Charms
  1377 | D:3      | Reached skill level 1 in Summonings
  1377 | D:3      | Reached skill level 1 in Necromancy
  1377 | D:3      | Reached skill level 1 in Translocations
  1377 | D:3      | Reached skill level 1 in Transmutations
  1377 | D:3      | Reached skill level 1 in Fire Magic
  1377 | D:3      | Reached skill level 1 in Ice Magic
  1377 | D:3      | Reached skill level 1 in Air Magic
  1377 | D:3      | Reached skill level 1 in Earth Magic
  1377 | D:3      | Reached skill level 1 in Poison Magic
  1377 | D:3      | Reached XP level 5. HP: 47/47 MP: 12/12
  1451 | D:3      | Offered knowledge of Freeze by Vehumet.
  1454 | D:3      | Learned a level 1 spell: Freeze
  1531 | D:3      | Reached ** piety under Vehumet
  1581 | D:3      | Noticed Natasha
  1585 | D:3      | Noticed Jessica
  1591 | D:3      | Killed Natasha
  1598 | D:3      | Killed Jessica
  1628 | D:3      | Noticed Natasha
  1634 | D:3      | Killed Natasha
  1634 | D:3      | Reached XP level 6. HP: 43/53 MP: 9/13
  2020 | D:3      | Noticed Natasha
  2029 | D:3      | Killed Natasha
  2467 | D:4      | Noticed a sky beast
  2511 | D:4      | Killed a sky beast
  2691 | D:4      | Found a radiant altar of Vehumet.
  2700 | D:4      | Found a basalt altar of Yredelemnul.
  2731 | D:4      | Reached XP level 7. HP: 42/59 MP: 9/15
  2817 | D:4      | Found a shadowy altar of Dithmenos.
  2890 | D:5      | Entered Level 5 of the Dungeon
  3034 | D:5      | Found Zaebrotas's Gadget Shop.
  3203 | D:5      | Found a staircase to the Ecumenical Temple.
  3331 | D:5      | Noticed Eustachio
  3372 | D:5      | Killed Eustachio
  3372 | D:5      | Reached XP level 8. HP: 62/67 MP: 9/16
  3567 | D:6      | Found a sparkling altar of Nemelex Xobeh.
  3730 | D:6      | Offered knowledge of Mephitic Cloud by Vehumet.
  3742 | D:6      | Learned a level 3 spell: Mephitic Cloud
  4007 | D:6      | Reached *** piety under Vehumet
  4648 | D:7      | Noticed Pikel
  4661 | D:7      | Killed Pikel
  4661 | D:7      | Reached XP level 9. HP: 45/73 MP: 0/18
  4728 | D:7      | Noticed a troll
  4810 | D:7      | Noticed Prince Ribbit
  5081 | D:6      | Offered knowledge of Conjure Flame by Vehumet.
  5086 | D:6      | Learned a level 3 spell: Conjure Flame
  5096 | D:7      | Killed Prince Ribbit
  5106 | D:7      | Found Jumuiphu's Assorted Antiques.
  5194 | D:7      | Killed a troll
  5308 | D:7      | Found a glowing silver altar of Zin.
  5308 | D:7      | Found an opulent altar of Gozag.
  5448 | D:7      | Noticed Duvessa
  5450 | D:7      | Noticed Dowan
  5461 | D:7      | Killed Duvessa
  5464 | D:7      | Killed Dowan
  5583 | D:7      | Reached skill level 5 in Invocations
  5678 | D:7      | Found an ancient bone altar of Kikubaaqudgha.
  6108 | D:7      | Found a staircase to the Lair.
  6117 | Lair:1   | Entered Level 1 of the Lair of Beasts
  6181 | D:8      | Reached XP level 10. HP: 80/80 MP: 15/20
  6210 | D:8      | Reached **** piety under Vehumet
  6216 | D:8      | Noticed Psyche
  6461 | D:8      | Killed Psyche
  6461 | D:8      | Reached skill level 5 in Short Blades
  6461 | D:8      | Reached skill level 5 in Axes
  6461 | D:8      | Reached skill level 5 in Maces & Flails
  6461 | D:8      | Reached skill level 5 in Polearms
  6461 | D:8      | Reached skill level 5 in Staves
  6461 | D:8      | Reached skill level 5 in Slings
  6461 | D:8      | Reached skill level 5 in Bows
  6461 | D:8      | Reached skill level 5 in Crossbows
  6461 | D:8      | Reached skill level 5 in Throwing
  6461 | D:8      | Reached skill level 5 in Armour
  6461 | D:8      | Reached skill level 5 in Stealth
  6461 | D:8      | Reached skill level 5 in Shields
  6461 | D:8      | Reached skill level 5 in Unarmed Combat
  6461 | D:8      | Reached skill level 5 in Evocations
  6537 | D:8      | Found Pyomuaf's Jewellery Emporium.
  6572 | D:8      | Got a warped executioner's axe
  6577 | D:8      | Identified the +8 executioner's axe "Vianal" {antimagic,
                  | rPois} (You found it on level 8 of the Dungeon)
  6855 | D:8      | Offered knowledge of Fulminant Prism by Vehumet.
  6949 | D:8      | Got a twisted ring mail
  7122 | D:9      | Found a glowing golden altar of the Shining One.
  7122 | D:9      | Found a corrupted altar of Lugonu.
  7127 | D:9      | Found a shimmering altar of Xom.
  7166 | D:9      | Noticed a four-headed hydra
  7175 | D:9      | Killed a four-headed hydra
  7207 | D:9      | Noticed a two-headed ogre
  7657 | Lair:1   | Noticed a cane toad
  7665 | Lair:1   | Killed a cane toad
  7665 | Lair:1   | Reached XP level 11. HP: 66/87 MP: 22/22
  7672 | Lair:1   | Learned a level 2 spell: Blink
  8723 | Lair:2   | Noticed Erica
  8757 | Lair:2   | Killed Erica
  8757 | Lair:2   | Reached skill level 5 in Conjurations
  8757 | Lair:2   | Reached skill level 5 in Hexes
  8757 | Lair:2   | Reached skill level 5 in Charms
  8757 | Lair:2   | Reached skill level 5 in Summonings
  8757 | Lair:2   | Reached skill level 5 in Necromancy
  8757 | Lair:2   | Reached skill level 5 in Translocations
  8757 | Lair:2   | Reached skill level 5 in Transmutations
  8757 | Lair:2   | Reached skill level 5 in Fire Magic
  8757 | Lair:2   | Reached skill level 5 in Ice Magic
  8757 | Lair:2   | Reached skill level 5 in Air Magic
  8757 | Lair:2   | Reached skill level 5 in Earth Magic
  8757 | Lair:2   | Reached skill level 5 in Poison Magic
  8864 | Lair:2   | Noticed a seven-headed hydra
  8874 | Lair:2   | Slain by a four-headed hydra

Skill      XL: |  1  2  3  4  5  6  7  8  9 10 11 |
---------------+----------------------------------+-----
Spellcasting   | 5 6 7 8 |  8.0
Invocations    | 1 2 3 4 5 6 |  6.7
Short Blades   | 1 2 3 4 5 6 |  6.1
Axes           | 1 2 3 4 5 6 |  6.1
Maces & Flails | 1 2 3 4 5 6 |  6.1
Polearms       | 1 2 3 4 5 6 |  6.1
Staves         | 1 2 3 4 5 6 |  6.1
Slings         | 1 2 3 4 5 6 |  6.1
Bows           | 1 2 3 4 5 6 |  6.1
Crossbows      | 1 2 3 4 5 6 |  6.1
Throwing       | 1 2 3 4 5 6 |  6.1
Armour         | 1 2 3 4 5 6 |  6.1
Stealth        | 1 2 3 4 5 6 |  6.1
Shields        | 1 2 3 4 5 6 |  6.1
Unarmed Combat | 1 2 3 4 5 6 |  6.1
Evocations     | 1 2 3 4 5 6 |  6.1
Conjurations   | 1 2 3 4 5 |  5.0
Hexes          | 1 2 3 4 5 |  5.0
Charms         | 1 2 3 4 5 |  5.0
Summonings     | 1 2 3 4 5 |  5.0
Necromancy     | 1 2 3 4 5 |  5.0
Translocations | 1 2 3 4 5 |  5.0
Transmutations | 1 2 3 4 5 |  5.0
Fire Magic     | 1 2 3 4 5 |  5.0
Ice Magic      | 1 2 3 4 5 |  5.0
Air Magic      | 1 2 3 4 5 |  5.0
Earth Magic    | 1 2 3 4 5 |  5.0
Poison Magic   | 1 2 3 4 5 |  5.0
Fighting       | 7 8 9 |  9.0
Long Blades    | 7 8 9 |  9.0
Dodging        | 7 8 9 |  9.0

Action                   |  1- 3 |  4- 6 |  7- 9 | 10-12 || total
-------------------------+-------+-------+-------+-------++-------
Melee: Long sword        |   127 |   100 |   180 |    63 ||   470
       Bite              |     5 |    10 |    17 |     6 ||    38
       Punch             |       |       |     2 |     2 ||     4
       Scimitar          |       |       |       |     4 ||     4
Throw: Javelin           |       |     2 |     9 |    31 ||    42
 Cast: Freeze            |       |    18 |   134 |    95 ||   247
       Mephitic Cloud    |       |       |    24 |    13 ||    37
       Conjure Flame     |       |       |     2 |     7 ||     9
  Use: Scroll            |       |     2 |     7 |       ||     9
       Potion            |       |       |     2 |       ||     2
 Stab: Sleeping          |     4 |     3 |     5 |     1 ||    13
       Confused          |       |       |     3 |     2 ||     5
  Eat: Chunk             |     1 |     4 |     9 |     6 ||    20
       Ration            |       |       |     1 |     1 ||     2
Armor: Steam dragon scal |    21 |     5 |       |       ||    26
       Robe              |       |     5 |    53 |    17 ||    75
Dodge: Dodged            |    98 |    74 |   216 |   135 ||   523
Block: Other             |    12 |     7 |    17 |     7 ||    43
